 Dungeon Crawl Stone Soup version 0.30-a0-12-gd8047c6341 (webtiles) character file.

Game seed: 6333825491414030032

39 SensoryNuts the Shield-Bearer (level 3, -4/33 HPs)
             Began as a Minotaur Fighter on Aug 24, 2022.
             Slain by a gnoll
             ... wielding a +0 spear
              (5 damage)
             ... on level 2 of the Dungeon.
             The game lasted 00:00:49 (711 turns).

SensoryNuts the Shield-Bearer (Minotaur Fighter)     Turns: 711, Time: 00:00:49

Health: -4/33      AC:  7    Str: 20    XL:     3   Next: 28%
Magic:  2/2        EV:  9    Int:  5    God:
Gold:   39         SH:  4    Dex: 11    Spells: 2/2 levels left

rFire   . . .      SeeInvis .    a - +0 war axe
rCold   . . .      Faith    .    c - +0 buckler
rNeg    . . .      Spirit   .    b - +0 scale mail
rPois   .          Reflect  .    (helmet restricted)
rElec   .          Harm     .    (no cloak)
rCorr   .          Rampage  .    (no gloves)
Will    .....                    (no boots)
Stlth   ..........               (no amulet)
HPRegen 0.11/turn                (no ring)
MPRegen 0.08/turn                (no ring)

@: mighty, attractive
A: horns 2, retaliatory headbutt
a: no special abilities


You were on level 2 of the Dungeon.
You visited 1 branch of the dungeon, and saw 2 of its levels.

You collected 39 gold pieces.

Inventory:

Hand Weapons
 a - a +0 war axe (weapon)
Armour
 b - a +0 scale mail (worn)
 c - a +0 buckler (worn)
Scrolls
 g - a scroll of vulnerability {unknown}
 h - a scroll of teleportation {unknown}
 i - a scroll of poison {unknown}
 k - a scroll of noise {unknown}
 l - a scroll of acquirement {unknown}
Potions
 e - 3 potions of curing {unknown}
 f - a potion of mutation {unknown}
 j - 2 potions of attraction


   Skills:
 + Level 3.9 Fighting
 * Level 3.2 Axes
 + Level 4.1 Armour
 + Level 0.3 Dodging
 + Level 4.1 Shields


You had 2 spell levels left.
You didn't know any spells.
Your spell library contained the following spells:

 Spells                   Type           Power      Damage    Failure   Level
 Portal Projectile        Hex/Tloc       0%         N/A       99%         3
 Tukima's Dance           Hex            0%         N/A       99%         3
 Blade Hands              Tmut           0%         N/A       100%        5


Dungeon Overview and Level Annotations

Branches:
Dungeon (2/15)

Altars:
Uskayaw


Innate Abilities, Weirdness & Mutations

You have a pair of horns on your head.
You reflexively headbutt those who attack you in melee.


Message History

The gnoll hits you with a +0 club!
You barely miss the gnoll.
The gnoll is severely wounded.
You barely miss the gnoll. The gnoll hits you but does no damage.
The gnoll closely misses you.
You completely miss the gnoll. You headbutt the gnoll.
You kill the gnoll!
You slash the gnoll! The gnoll closely misses you.
The gnoll hits you but does no damage.
You barely miss the gnoll.
The gnoll is heavily wounded.
You closely miss the gnoll. The gnoll hits you with a +0 flail.
The gnoll barely misses you. x2; The gnoll hits you with a +0 flail.
You are too injured to fight recklessly!
You are too injured to fight recklessly!
You are too injured to fight recklessly!
You are too injured to fight recklessly!
You are too injured to fight recklessly!
You are too injured to fight recklessly!
You are too injured to fight recklessly!
You are too injured to fight recklessly!
You are too injured to fight recklessly!
Unknown command.
You are too injured to fight recklessly!
Unknown command.
You are too injured to fight recklessly!
Unknown command.
You are too injured to fight recklessly!
You feel very mighty all of a sudden.
The gnoll splashes around in the water.
The gnoll hits you with a +0 flail. The gnoll hits you with a +0 flail!
* * * LOW HITPOINT WARNING * * *
Okay, then.
Okay, then.
Okay, then.
It was a potion of attraction.
You feel attractive to monsters. The gnoll closely misses you.
You furiously retaliate!
You headbutt the gnoll!
The gnoll hits you from afar with a +0 spear.
You die...

#####........#
############..........###
.....~†.................#
.##≈~~≈#.#########.####.#
##~≈~#.####### #.# #.. #+
#≈~~......... #.# ##.
...#≈≈≈~.####### #.#####†
._.#≈≈≈~.# #.....#.
...#≈≈~~@## #####..†
####≈≈≈gg.# #..#
≈≈≈≈≈≈~g....... #..#
≈≈≈≈≈≈~...####. #...
≈≈≈≈≈~##.## #.## ≈≈≈#.#
#.# #.## ###.# #.# #.##
.# ... .. . .# .# #


You could see 3 gnolls.

Vanquished Creatures
  A gnoll (D:2)
  A ball python (D:1)
  2 endoplasms
  2 giant cockroaches
  6 hobgoblins
  8 jackals
  A quokka (D:2)
  2 bats
  A rat (D:2)
24 creatures vanquished.

Notes
Turn   | Place    | Note
-------+----------+-------------------------------------------
     0 | D:1      | SensoryNuts the Minotaur Fighter began the quest for the
                  | Orb.
     0 | D:1      | Reached XP level 1. HP: 19/19 MP: 0/0
   148 | D:1      | Reached XP level 2. HP: 27/27 MP: 1/1
   383 | D:1      | You fall into a shaft and drop 1 floor!
   561 | D:2      | Found a hide-covered altar of Uskayaw.
   687 | D:2      | Reached XP level 3. HP: 31/33 MP: 2/2
   688 | D:2      | Found a faded altar of an unknown god.
   709 | D:2      | HP: 1/33 [gnoll/+0 flail (9)]
   711 | D:2      | Slain by a gnoll

Illustrated notes

Levels and vault maps discovered:
D:1:      evilmike_arrival_fibonacci_small, layout_basic, solitary_fountain
D:2:      layout_loops_ring, basic_altar, nicolae_ecumenical_lake_church,
          hangedman_decor_riveting

Skill      XL: |  1  2 |
---------------+-------+-----
Armour         | 4 |  4.1
Shields        | 4 |  4.1
Axes           | 3 |  3.2
Fighting       | |  3.9
Dodging        | |  0.3

Action                   || total
-------------------------++-------
Melee: War axe           ||    53
       Headbutt          ||     6
  Use: Potion            ||     2
Armor: Scale mail        ||    33
Dodge: Dodged            ||    43
Block: Buckler           ||    12

Table legend: (Time is in decaauts)
 A = Elapsed time spent in this place.
 B = Non-inter-level travel time spent in this place.
 C = Inter-level travel time spent in this place.
 D = Time resting spent in this place.
 E = Time spent auto-exploring this place.
 F = Levels seen in this place.
 G = Mean time per level.
                   A        B        C        D        E       F      G
               +--------+--------+--------+--------+--------+-----+--------+
         Total |    734 |    734 |      0 |      0 |    596 |   2 |  367.0 |
       Dungeon |    734 |    734 |      0 |      0 |    596 |   2 |  367.0 |
               +--------+--------+--------+--------+--------+-----+--------+

Top non-repeatable levels by time:
     D:1: 395 daAuts
     D:2: 339 daAuts
